 Dungeon Crawl Stone Soup version 0.31.0-32-g396128a36d (webtiles) character file.

Game seed: 15239816053521884963

224 DildoBatman the Conjurer (level 6, -1/39 HPs)
             Began as a Formicid Conjurer on Mar 12, 2024.
             Succumbed to a scorpion's poison
             ... on level 3 of the Dungeon.
             The game lasted 00:05:09 (2209 turns).

DildoBatman the Conjurer (Formicid Conjurer)        Turns: 2209, Time: 00:05:09

Health: -1/39      AC:  3    Str:  9 (11) XL:     6   Next: 20%
Magic:  1/10       EV: 12    Int: 19 (20) God:
Gold:   152        SH:  0    Dex:  7 (10) Spells: 8/11 levels left

rFire   + . .        k - +2 dagger (elec)
rCold   + . .        (no shield)
rNeg    . . .        a - +0 robe
rPois   +            (helmet unavailable)
rElec   +            (no cloak)
rCorr   +            r - +0 pair of gloves
SInv    +            (no boots)
Will    .....        (no amulet)
Stlth   ++           (no ring)
HPRegen 0.26/turn    (no ring)
MPRegen 0.12/turn

%: no passive effects
@: brilliant, lethally poisoned (-1 -> -7), resistant
A: permanent stasis, dig shafts and tunnels, antennae 3, four strong arms,
clumsy 1, frail 1
a: Dig, Shaft Self


You were on level 3 of the Dungeon.
You visited 1 branch of the dungeon, and saw 3 of its levels.

You collected 152 gold pieces.

Inventory:

Hand Weapons
 c - a +0 dagger
 h - a +0 sling
 k - a +2 dagger of electrocution (weapon)
Missiles
 l - 12 stones
Armour
 a - a +0 robe (worn)
 r - a +0 pair of gloves (worn)
Scrolls
 e - a scroll of enchant armour {unknown}
 f - 4 scrolls of identify {unknown}
 g - a scroll of teleportation {unknown}
 o - 2 scrolls of vulnerability {unknown}
 s - a scroll of blinking {unknown}
Potions
 b - a potion of magic
 d - a potion of curing {unknown}
 j - a potion of attraction {unknown}
 q - a potion of haste {unknown}


   Skills:
 + Level 2.1 Fighting
 + Level 2.2 Armour
 + Level 2.8 Dodging
 + Level 3.8 Stealth
 + Level 3.1 Spellcasting
 + Level 4.2 Conjurations


You had 8 spell levels left.
You knew the following spells:

 Your Spells              Type           Power      Damage    Failure   Level
a - Searing Ray           Conj           56%        2d6       4%          2
c - Magic Dart            Conj           100%       1d8       2%          1

Your spell library contained the following spells:

 Spells                   Type           Power      Damage    Failure   Level
 Call Imp                 Summ           8%         N/A       22%         2
 Fulminant Prism          Conj/Alch      8%         3d7       54%         4
 Iskenderun's Mystic Bla  Conj/Tloc      16%        2d5       54%         4
 Blink                    Tloc           Unusable   N/A       N/A         2

Dungeon Overview and Level Annotations

Branches:
Dungeon (3/15)

Altars:
Qazlal


Innate Abilities, Weirdness & Mutations

You cannot be hasted, slowed, berserked, paralysed or teleported.
You can dig through walls and to a lower floor.
You have a pair of large antennae on your head. (SInv)
Your four strong arms can wield two-handed weapons with a shield.
You are clumsy. (Dex -2)
You are frail. (-10% HP)


Message History

The scorpion barely misses you.
Casting: Searing Ray (safe; 4% risk of failure)
Confirm with . or Enter, or press ? or * to list all spells.
Aiming: Searing Ray (safe; 4% risk of failure)
Press: ? - help, Shift-Dir - straight line, f/p - scorpion
Aim: a scorpion (heavily wounded, 78% to hit)
The searing ray hits the scorpion.
The scorpion is almost dead. (Press . to maintain the ray.)
You feel very sick. The scorpion stings you.
You are lethally poisoned!
The scorpion poisons you!
The searing ray misses the scorpion.
You feel very sick. The scorpion barely misses you.
The searing ray hits the scorpion.
You kill the scorpion!
You feel very sick.
Your Fighting skill increases to level 2!
Your Spellcasting skill increases to level 3!
You have reached level 6!
There is a lethal amount of poison in your body!
It was a potion of mutation.
You feel extremely strange.
You feel clumsy.
You feel frail.
You feel very sick.
It was a potion of degeneration.
There was something very wrong with that liquid.
You feel weakened.
You feel dopey.
You feel clumsy.
You feel sick.
It was a potion of resistance.
You feel protected.
You feel sick.
It was a potion of brilliance.
You feel clever all of a sudden.
You die...

#..............###...####
###.##############...####
#.# #.......... #.#
#.##.#.#### #.#
#.......... #)#
#.##.#.###. #.######
#.##.#.# #......#
#.##.#.# ######@#
####.#.# #.# #.#.# #.#
###<# #.# ## #.. { ###


There were no monsters in sight!

Vanquished Creatures
  A scorpion (D:3)
  A bombardier beetle (D:3)
  4 gnolls (D:2)
  4 adders (D:2)
  A dart slug (D:1)
  An orc (D:3)
  5 ball pythons
  3 bats
  4 endoplasms
  3 giant cockroaches
  3 hobgoblins
  3 jackals (D:1)
  3 quokkas
  5 frilled lizards
  5 goblins
  7 kobolds
  6 rats
59 creatures vanquished.

Notes
Turn   | Place    | Note
-------+----------+-------------------------------------------
     0 | D:1      | DildoBatman the Formicid Conjurer began the quest for the
                  | Orb.
     0 | D:1      | Reached XP level 1. HP: 13/13 MP: 3/3
   125 | D:1      | Reached XP level 2. HP: 20/20 MP: 1/5
   128 | D:1      | Learned a level 2 spell: Searing Ray
   555 | D:1      | Reached XP level 3. HP: 21/25 MP: 4/6
   601 | D:1      | Reached skill level 1 in Armour
   637 | D:1      | Found a faded altar of an unknown god.
   741 | D:2      | Reached skill level 1 in Fighting
   801 | D:2      | Reached XP level 4. HP: 32/32 MP: 1/7
  1153 | D:2      | Reached skill level 4 in Conjurations
  1154 | D:2      | Reached XP level 5. HP: 37/37 MP: 4/9
  1481 | D:2      | Found a stormy altar of Qazlal.
  2206 | D:3      | Reached XP level 6. HP: 7/44 MP: 0/10
  2206 | D:3      | Gained mutation: You are clumsy. (Dex -2) [potion of
                  | mutation]
  2206 | D:3      | Gained mutation: You are frail. (-10% HP) [potion of
                  | mutation]
  2208 | D:3      | HP: 1/39 [poisoned by a scorpion]
  2209 | D:3      | Succumbed to a scorpion's poison

Illustrated notes

Levels and vault maps discovered:
D:1:      dpeg_arrival_arbitrary_c, layout_basic,
          ebering_ecumenical_altar_sacrificial
D:2:      layout_basic, basic_altar
D:3:      cheibrodos_old_hovel, layout_basic, minmay_cut_off

Skill      XL: |  1  2  3  4  5 |
---------------+----------------+-----
Dodging        | 2 |  2.8
Armour         | 1 2 |  2.2
Fighting       | 1 2 |  2.1
Stealth        | 3 |  3.8
Conjurations   | 4 |  4.2
Spellcasting   | 3 |  3.1

Action                     |  1- 3 |  4- 6 || total
---------------------------+-------+-------++-------
  Melee: Dagger            |    20 |    23 ||    43
   Fire: Sling             |     7 |       ||     7
   Cast: Magic Dart        |    40 |    36 ||    76
         Searing Ray       |       |     6 ||     6
    Use: Potion            |       |     4 ||     4
   Stab: Sleeping          |     2 |     4 ||     6
 Armour: Robe              |    18 |    14 ||    32
  Dodge: Dodged            |    21 |    25 ||    46
